 Dungeon Crawl Stone Soup version 0.29.0-13-gc9e81de378 (webtiles) character file.

Game seed: 9484157546856264931

158 nickcage the Chopper (level 5, -1/42 HPs)
             Began as a Minotaur Gladiator on Sept 8, 2022.
             Succumbed to a scorpion's poison
             ... on level 3 of the Dungeon.
             The game lasted 00:03:51 (1802 turns).

nickcage the Chopper (Minotaur Gladiator)           Turns: 1802, Time: 00:03:52

Health: -1/42      AC: 14    Str: 21    XL:     5   Next: 16%
Magic:  4/4        EV:  5    Int:  5    God:
Gold:   38         SH:  7    Dex: 17    Spells: 4/4 levels left

rFire   + . .      SeeInvis .   a - +0 war axe
rCold   . . .      Faith    .   i - +0 kite shield
rNeg    . . .      Spirit   .   l - +1 plate armour {rF+}
rPois   .          Reflect  .   c - +0 hat
rElec   .          Harm     .   (no cloak)
rCorr   .          Rampage  .   (no gloves)
Will    .....                   f - +2 pair of boots
Stlth   ..........              (no amulet)
HPRegen 0.14/turn               n - +6 ring of dexterity
MPRegen 0.09/turn               (no ring)

@: lethally poisoned (-1 -> -16)
A: horns 2, retaliatory headbutt
a: no special abilities


You were on level 3 of the Dungeon.
You visited 1 branch of the dungeon, and saw 3 of its levels.

You collected 38 gold pieces.

Inventory:

Hand Weapons
 a - a +0 war axe (weapon)
Missiles
 d - 2 throwing nets (quivered)
 u - a javelin
Armour
 b - a +0 leather armour
 c - a +0 hat (worn)
 f - a +2 pair of boots (worn)
 i - a +0 kite shield (worn)
 l - a +1 plate armour of fire resistance (worn)
Jewellery
 n - a +6 ring of dexterity (left hand)
Wands
 e - a wand of iceblast (6)
Scrolls
 g - a scroll of teleportation {unknown}
 j - a scroll of fog {unknown}
 k - a scroll of noise {unknown}
 m - a scroll of magic mapping {unknown}
 q - a scroll of vulnerability {unknown}
 s - a scroll of brand weapon {unknown}
 t - a scroll of poison {unknown}
Potions
 h - 3 potions of cancellation {unknown}
 o - a potion of magic {unknown}
 p - a potion of curing {unknown}
 r - a potion of heal wounds {unknown}


   Skills:
 - Level 2.4 Fighting
 + Level 7.1 Axes
 - Level 2.0 Throwing
 - Level 3.2 Dodging


You had 4 spell levels left.
You didn't know any spells.
Your spell library was empty.

Dungeon Overview and Level Annotations

Branches:
Dungeon (2/15)

Altars:


Innate Abilities, Weirdness & Mutations

You have a pair of horns on your head.
You reflexively headbutt those who attack you in melee.


Message History

A scorpion comes into view.
The orc hits you with a +0 falchion. The orc hits you with a +0 short sword.
The orc barely misses you. You furiously retaliate!
You headbutt the orc. You hit the orc.
You kill the orc!
You hit the orc but do no damage. You barely miss the orc.
The orc hits you with a +0 short sword. You block the orc's attack.
You slash the orc!
You kill the orc!
You slash the orc!
You kill the orc!
Items here: )) [[ †.
You closely miss the scorpion. Your headbutt misses the scorpion.
The scorpion stings you.
You are poisoned.
The scorpion poisons you!
You closely miss the scorpion.
You headbutt the scorpion, but do no damage.
You feel very sick. You block the scorpion's attack.
The scorpion stings you but does no damage.
You closely miss the scorpion.
You feel very sick. The scorpion stings you. You block the scorpion's attack.
You slash the scorpion! You headbutt the scorpion.
The scorpion is heavily wounded.
You feel sick. The scorpion stings you.
* * * LOW HITPOINT WARNING * * *
You are lethally poisoned!
The scorpion poisons you!
You hit the scorpion.
The scorpion is severely wounded.
* * * LOW HITPOINT WARNING * * *
You feel very sick. The scorpion barely misses you. You furiously retaliate!
You headbutt the scorpion.
The scorpion stings you but does no damage.
You hit the scorpion.
You kill the scorpion!
You die...

#.........# #.........#
#.... .# #........##
#...# .# #........#
#...... #........#
#.#.#. #........## #.#..
#........'# #.#.#
#........#####.#†# ###.#
###+##+#.......)@#.....#
#.#####...)...... #.#
########### ... .### #.
. ##


There were no monsters in sight!

Vanquished Creatures
  2 scorpions
  4 gnolls (D:2)
  An adder (D:2)
  A worm (D:2)
  5 orcs (D:3)
  A ball python (D:1)
  5 endoplasms
  4 goblins
  A hobgoblin (D:1)
  3 jackals (D:2)
  3 kobolds
  2 quokkas (D:1)
  2 bats (D:1)
  5 frilled lizards
  8 rats
47 creatures vanquished.

Notes
Turn   | Place    | Note
-------+----------+-------------------------------------------
     0 | D:1      | nickcage the Minotaur Gladiator began the quest for the
                  | Orb.
     0 | D:1      | Reached XP level 1. HP: 18/18 MP: 0/0
   250 | D:1      | Reached skill level 4 in Axes
   452 | D:1      | Reached XP level 2. HP: 25/25 MP: 1/1
   884 | D:1      | Reached skill level 5 in Axes
   952 | D:2      | Reached XP level 3. HP: 30/30 MP: 2/2
  1443 | D:2      | Noticed a scorpion
  1458 | D:2      | Killed a scorpion
  1459 | D:2      | Reached skill level 6 in Axes
  1459 | D:2      | Reached XP level 4. HP: 7/37 MP: 3/3
  1728 | D:2      | Reached XP level 5. HP: 42/42 MP: 4/4
  1734 | D:2      | Reached skill level 7 in Axes
  1762 | D:2      | You fall into a shaft and drop 1 floor!
  1802 | D:3      | Succumbed to a scorpion's poison

Illustrated notes

Levels and vault maps discovered:
D:1:      sevenhm_arrival_forest_fort_small_4, layout_loops_corners
D:2:      layout_loops_corners
D:3:      layout_basic, columned_hall_lemuel, st_stairs_13,
          minmay_fractal_squares_5, uniq_terence

Skill      XL: |  1  2  3  4  5 |
---------------+----------------+-----
Axes           | 4 5 6 7 |  7.1
Fighting       | |  2.4
Throwing       | |  2.0
Dodging        | |  3.2

Action                   |  1- 3 |  4- 6 || total
-------------------------+-------+-------++-------
Melee: War axe           |    64 |    22 ||    86
       Headbutt          |    14 |     4 ||    18
Throw: Javelin           |     1 |       ||     1
       Throwing net      |     1 |       ||     1
Armor: Leather armour    |     4 |       ||     4
       Plate armour      |    25 |    13 ||    38
Dodge: Dodged            |    22 |     8 ||    30
Block: Kite shield       |    18 |    12 ||    30
